 Dungeon Crawl Stone Soup version 0.27-a0-366-g8badd94918 (webtiles) character file.

Game seed: 10686624356593203434

2785 jasper the Spear-Bearer (level 9, 0/65 HPs)
             Began as a Demonspawn Warper on Feb 17, 2021.
             Was a Follower of Ashenzari.
             Slain by a wolf spider zombie (7 damage)
             ... on level 7 of the Dungeon.
             The game lasted 00:10:39 (7534 turns).

jasper the Spear-Bearer (Demonspawn Warper)         Turns: 7534, Time: 00:10:40

Health: 0/65       AC:  8    Str: 13    XL:     9   Next: 43%
Magic:  12/12      EV:  8    Int: 17    God:    Ashenzari [*.....]
Gold:   131        SH: 12    Dex: 12    Spells: 2/12 levels left

rFire    . . .     SeeInvis .   H - +0 trident (curse)
rCold    . . .     Faith    .   k - +0 tower shield (curse)
rNeg     . . .     Spirit   .   i - +3 leather armour (curse)
rPois    .         Reflect  .   (helmet restricted)
rElec    .         Harm     .   (no cloak)
rCorr    .         Rampage  .   G - +0 pair of gloves (curse)
Will     .....                  x - +0 pair of boots (curse)
Stlth    +.........             C - amulet of the acrobat
HPRegen  0.20/turn              f - ring of wizardry
MPRegen  0.13/turn              u - ring of wizardry

@: no status effects
A: horns 2, spiny 2
a: Renounce Religion, Curse Item, Scrying


You were on level 7 of the Dungeon.
You worshipped Ashenzari.
Ashenzari was aware of your devotion.
You visited 2 branches of the dungeon, and saw 8 of its levels.
You also visited: Sewer.

You collected 333 gold pieces.
You spent 202 gold pieces at shops.

Inventory:

Hand Weapons
 a - a +0 spear
 H - a cursed +0 trident (weapon)
Missiles
 e - 5 boomerangs of dispersal
 o - 135 stones (quivered)
 A - 5 boomerangs
Armour
 b - a +0 leather armour
 i - a cursed +3 leather armour (worn)
 k - a cursed +0 tower shield (worn)
 p - a +0 helmet
 x - a cursed +0 pair of boots (worn)
 G - a cursed +0 pair of gloves (worn)
 J - a +1 ring mail of fire resistance
Jewellery
 f - a ring of wizardry (left hand)
 u - a ring of wizardry (right hand)
 C - an amulet of the acrobat (around neck)
 I - a +6 ring of intelligence
Wands
 c - a wand of iceblast (10)
 s - a wand of polymorph (10)
 y - a wand of paralysis (8)
 F - a wand of acid (1)
Scrolls
 d - 3 scrolls of blinking
 g - 4 scrolls of fear
 h - 6 scrolls of teleportation
 j - 3 scrolls of enchant armour
 l - a scroll of fog
 t - 2 scrolls of random uselessness
 v - 3 scrolls of identify
 B - 2 scrolls of noise
 L - a scroll of enchant weapon
Potions
 m - a potion of brilliance
 n - 3 potions of curing
 q - a potion of attraction
 r - a potion of heal wounds
 w - 3 potions of lignification
 z - a potion of resistance
 D - 3 potions of flight
 E - a potion of mutation
 K - a potion of might


   Skills:
 + Level 4.1 Fighting
 - Level 10.0 Polearms
 - Level 0.8 Throwing
 - Level 3.0 Armour
 + Level 3.7 Dodging
 + Level 3.0 Shields
 - Level 2.0 Spellcasting
 + Level 3.0 Translocations


You had 2 spell levels left.
You knew the following spells:

 Your Spells              Type           Power        Failure   Level
a - Blink                 Tloc           N/A          41%         2
b - Lesser Beckoning      Tloc           5%           63%         3
c - Teleport Other        Tloc           11%          63%         3
d - Wereblood             Tmut           1%           80%         2

Your spell library contained the following spells:

 Spells                   Type           Power        Failure   Level
 Beastly Appendage        Tmut           2%           67%         1
 Magic Dart               Conj           4%           67%         1
 Call Imp                 Summ           1%           80%         2
 Slow                     Hex            1%           80%         2
 Gell's Gravitas          Tloc           5%           63%         3
 Manifold Assault         Tloc           11%          94%         4
 Conjure Flame            Conj/Fire      1%           95%         3
 Mephitic Cloud           Conj/Pois/Air  1%           95%         3
 Spider Form              Tmut/Pois      0%           95%         3
 Ice Form                 Ice/Tmut       1%           100%        4
 Blade Hands              Tmut           0%           100%        5


Dungeon Overview and Level Annotations

Branches:
Dungeon (7/15)             Temple (1/1) D:4           Sewer (visited)

Altars:
Ashenzari
Cheibriados
Dithmenos
Fedhas
Gozag
Hepliaklqana
Kikubaaqudgha
Makhleb
Nemelex Xobeh
Okawaru
Qazlal
Ru
Sif Muna
Uskayaw
Vehumet
Wu Jian
Xom
Yredelemnul
Zin
The Shining One

Shops:
D:5 ![*

Annotations:
D:7 Joseph


Innate Abilities, Weirdness & Mutations

You have a pair of horns on your head.
You are mostly covered in sharp spines.


Message History

You block the shadow imp's attack.
You barely miss the shadow imp.
The shadow imp is moderately wounded.
The shadow imp is struck by your spines.
The shadow imp completely misses you. The shadow imp hits you.
You take 1 damage, and have 31/65 hp.
You closely miss the shadow imp.
The shadow imp is heavily wounded.
The shadow imp puffs mist at you.
The shadow imp is struck by your spines.
The shadow imp hits you.
You take 2 damage, and have 29/65 hp.
You hit the shadow imp.
The shadow imp is almost dead.
The shadow imp is struck by your spines.
You kill the shadow imp!
You hit the shadow imp.
The shadow imp is moderately wounded.
The shadow imp hits you but does no damage.
You closely miss the shadow imp. Your headbutt misses the shadow imp.
The shadow imp is moderately wounded.
The shadow imp is struck by your spines.
The shadow imp hits you but does no damage.
You hit the shadow imp.
You kill the shadow imp!
Your Translocations skill increases to level 3!
You puncture the wolf spider zombie!
The wolf spider zombie is moderately damaged.
You block the wolf spider zombie's attack.
The wolf spider zombie bites you! The wolf spider zombie hits you!
* * * LOW HITPOINT WARNING * * *
The wolf spider zombie bites you but does no damage.
You take 15 damage, and have 15/65 hp.
MASSIVE DAMAGE!!
You hit the wolf spider zombie but do no damage.
The wolf spider zombie is moderately damaged.
The wolf spider zombie is struck by your spines.
The wolf spider zombie hits you!
* * * LOW HITPOINT WARNING * * *
The wolf spider zombie bites you!
You die...

...###.. ......
#....# #....#
#....# ##....##
#. ##......## #.#
#...##...#####.#
##@.####...##...#
###Z### ##......#
##...# ##....##
##...## #...>##
##...## #.....##
#####...##
##......###
.......Z.#
#..........
...##....###
##...#####.. ..
####[..####
#....# ###


You could see a wolf spider zombie and a centaur warrior skeleton (wandering).

Vanquished Creatures
  A gargoyle (D:5)
  Grinder (D:6)
  Sigmund (D:2)
  Eustachio (D:6)
  Menkaure (D:4)
  Edmund (D:5)
  A sky beast (D:5)
  4 ice beasts
  An ogre (D:7)
  2 centaurs (D:5)
  A phantom (D:6)
  Blork the orc (D:4)
  A kobold brigand (Sewer)
  2 scorpions
  A crimson imp (D:4)
  A bullfrog zombie (D:7)
  4 hounds
  An orc priest (D:6)
  An iguana (D:7)
  Jessica (D:2)
  2 worker ants
  6 orc wizards
  2 hound zombies
  A howler monkey zombie (D:6)
  A river rat (Sewer)
  4 adders
  6 shadow imps
  2 white imps
  An ufetubus (D:6)
  An ooze (D:4)
  An adder zombie (D:6)
  2 adder skeletons
  5 worms
  2 dart slugs
  9 leopard geckos
  19 orcs
  6 ball pythons
  8 giant cockroaches
  5 goblins
  6 hobgoblins
  6 jackals
  7 kobolds
  A quokka (D:7)
  5 bats
  5 frilled lizards
  A quokka skeleton (D:5)
  8 rats
150 creatures vanquished.

Vanquished Creatures (others)
  4 withered plants (D:7)
4 creatures vanquished.

Grand Total: 154 creatures vanquished

Notes
Turn   | Place    | Note
-------+----------+-------------------------------------------
     0 | D:1      | jasper the Demonspawn Warper began the quest for the Orb.
     0 | D:1      | Reached XP level 1. HP: 16/16 MP: 3/3
    48 | D:1      | Reached skill level 2 in Polearms
   295 | D:1      | Gained mutation: You are partially covered in sharp spines.
                  | [demonic ancestry]
   295 | D:1      | Reached XP level 2. HP: 20/22 MP: 5/5
   650 | D:1      | Reached skill level 3 in Polearms
  1103 | D:2      | Gained mutation: You have a pair of small horns on your
                  | head. [demonic ancestry]
  1103 | D:2      | Reached XP level 3. HP: 27/27 MP: 6/6
  1214 | D:2      | Noticed Jessica
  1219 | D:2      | Killed Jessica
  1406 | D:2      | Reached XP level 4. HP: 28/33 MP: 7/7
  1460 | D:2      | Reached skill level 4 in Polearms
  1506 | D:2      | Noticed Sigmund
  1517 | D:2      | Killed Sigmund
  1518 | D:2      | Reached skill level 5 in Polearms
  1518 | D:2      | Gained mutation: You are mostly covered in sharp spines.
                  | [demonic ancestry]
  1518 | D:2      | Reached XP level 5. HP: 24/38 MP: 8/8
  1812 | D:2      | Found a blossoming altar of Fedhas.
  1824 | D:2      | Reached XP level 6. HP: 44/44 MP: 9/9
  2848 | D:4      | Found a broken altar of Ashenzari.
  2856 | D:4      | Reached skill level 6 in Polearms
  2877 | D:4      | Learned a level 2 spell: Blink
  2881 | D:4      | Learned a level 3 spell: Lesser Beckoning
  2881 | D:4      | Became a worshipper of Ashenzari the Shackled
  3094 | D:4      | Found a sparkling altar of Nemelex Xobeh.
  3115 | D:4      | Noticed Blork the orc
  3250 | D:4      | Killed Blork the orc
  3383 | D:4      | Found a burning altar of Makhleb.
  3391 | D:4      | Reached skill level 7 in Polearms
  3391 | D:4      | Gained mutation: You have a pair of horns on your head.
                  | [demonic ancestry]
  3391 | D:4      | Reached XP level 7. HP: 46/50 MP: 10/10
  3412 | D:4      | Found a radiant altar of Vehumet.
  3556 | D:4      | Found a glowing drain.
  3573 | Sewer    | Entered a sewer
  3752 | Sewer    | Found a white marble altar of Elyvilon.
  4055 | D:4      | Found a staircase to the Ecumenical Temple.
  4066 | Temple   | Entered the Ecumenical Temple
  4316 | D:4      | Noticed Menkaure
  4322 | D:4      | Killed Menkaure
  4323 | D:4      | Reached skill level 8 in Polearms
  4424 | D:5      | Entered Level 5 of the Dungeon
  4438 | D:5      | Found Haxiakid's Assorted Antiques.
  4462 | D:5      | Bought a scroll of identify for 48 gold pieces
  4462 | D:5      | Bought a wooden wand for 96 gold pieces
  4587 | D:5      | Found Qoizicus's Armour Shoppe.
  4601 | D:5      | Noticed a gargoyle
  4606 | D:5      | Killed a gargoyle
  4607 | D:5      | Reached skill level 9 in Polearms
  4607 | D:5      | Reached XP level 8. HP: 34/56 MP: 11/11
  4612 | D:5      | Bought a +0 pair of gloves for 58 gold pieces
  4613 | D:5      | Noticed Edmund
  4636 | D:5      | Killed Edmund
  4794 | D:5      | Learned a level 3 spell: Teleport Other
  4797 | D:5      | Learned a level 2 spell: Wereblood
  4865 | D:5      | Reached skill level 10 in Polearms
  5034 | D:5      | Found Wapnojik's Distillery.
  5060 | D:5      | Reached skill level 1 in Armour
  5306 | D:5      | Reached skill level 1 in Shields
  5709 | D:6      | Reached * piety under Ashenzari
  5845 | D:6      | Noticed Grinder
  5855 | D:6      | Killed Grinder
  5856 | D:6      | Reached XP level 9. HP: 56/63 MP: 12/12
  6023 | D:6      | Noticed Eustachio
  6048 | D:6      | Killed Eustachio
  7001 | D:6      | Found a shimmering blue altar of Sif Muna.
  7497 | D:7      | Noticed Joseph
  7534 | D:7      | Slain by a wolf spider zombie

Illustrated notes

Levels and vault maps discovered:
D:1:      nicolae_arrival_washed_ashore, layout_rooms
D:2:      layout_loops_ring, lemuel_doored_altar, uniq_sigmund, uniq_jessica
D:3:      layout_loops_corners
D:4:      layout_basic, grunt_temple_overflow_lords_of_destruction,
          overflow_temple_1_default, nemelex_altar_shiori,
          minmay_temple_entry_ruins, portal_sewer_entry_f,
          minmay_misc_feat_more_columns, uniq_menkaure, uniq_blork_the_orc
D:5:      layout_gridville, serial_shops,
          nicolae_shop_temple_entry_statues_fountains, nicolae_shop_crystal,
          nicolae_shop_crystal, uniq_edmund
D:6:      layout_loops_corners, led_sif_pool, uniq_grinder, uniq_eustachio
D:7:      cheibrodos_grave_circle, layout_layer_cave, serial_shops, shop,
          uniq_joseph
Temple:   eino_narrow_crystal_temple

Skill      XL: |  1  2  3  4  5  6  7  8  9 |
---------------+----------------------------+-----
Polearms       | 2 3 5 7 9 10 | 10.0
Armour         | 2 3 |  3.0
Dodging        | 2 3 |  3.7
Shields        | 2 3 |  3.0
Fighting       | 3 4 |  4.1
Translocations | 3 |  3.0
Throwing       | |  0.8
Spellcasting   | |  2.0

Action                   |  1- 3 |  4- 6 |  7- 9 || total
-------------------------+-------+-------+-------++-------
Melee: Spear             |   107 |   118 |   162 ||   387
       Headbutt          |     3 |    16 |    47 ||    66
       Trident           |       |       |   138 ||   138
Throw: Stone             |     4 |     1 |       ||     5
Invok: Curse Item        |       |     1 |     4 ||     5
Evoke: Wand              |       |       |    11 ||    11
  Use: Potion            |       |     2 |     5 ||     7
       Scroll            |       |     1 |       ||     1
 Stab: Sleeping          |     1 |     2 |     2 ||     5
Armor: Leather armour    |    39 |    25 |    85 ||   149
Dodge: Dodged            |    41 |    15 |    51 ||   107
Block: Tower shield      |    22 |    46 |   141 ||   209

Table legend: (Time is in decaauts)
 A = Elapsed time spent in this place.
 B = Non-inter-level travel time spent in this place.
 C = Inter-level travel time spent in this place.
 D = Time resting spent in this place.
 E = Time spent auto-exploring this place.
 F = Levels seen in this place.
 G = Mean time per level.
                   A        B        C        D        E       F      G
               +--------+--------+--------+--------+--------+-----+--------+
         Total |   7696 |   7549 |    147 |    497 |   5781 |   9 |  855.1 |
       Dungeon |   7242 |   7108 |    134 |    497 |   5400 |   7 | 1034.6 |
        Temple |    196 |    183 |     13 |      0 |    182 |   1 |  196.0 |
         Sewer |    257 |    257 |      0 |      0 |    199 |   1 |  257.0 |
               +--------+--------+--------+--------+--------+-----+--------+

Top non-repeatable levels by time:
     D:6: 1678 daAuts
     D:4: 1110 daAuts
     D:5: 1080 daAuts
     D:1: 1064 daAuts
     D:3: 957 daAuts
     D:2: 955 daAuts
     D:7: 396 daAuts
   Sewer: 257 daAuts
  Temple: 196 daAuts
